Map: Chantier naval orbital

Players

finallybeta

  • Race: Zerg Zerg

AgCl - Winner!

  • Race: Protoss Protoss

VOD

Have the link to the VOD?

Description

Time

  • Played on: May 5, 2015, 10 p.m.
  • Length: 17:43
Show
View Real Time Build Order
Export as new Build Order

finallybeta Zerg 

Build Orders: Pool First, Lurkers 

Get SALT Encoding   

  12  0:01  Drone  
  13  0:09  Drone  
  14  0:25  Spawning Pool  
  13  0:29  Drone  
  13  0:35  Drone, Extractor  
  15  0:57  Hatchery  
  14  1:03  Drone, Extractor  
  14  1:09  Overlord  
  14  1:26  Queen  
  14  1:27  Zergling x2  
  14  1:28  Zergling x2  
  14  1:31  Zergling x2  
  19  1:43  Overlord  
  19  1:51  Drone  
  20  2:01  Drone  
  21  2:10  Queen  
  21  2:11  Drone x2  
  25  2:22  Drone  
  26  2:25  Drone  
  27  2:31  Drone  
  28  2:49  Drone x5  
  28  2:50  Drone  
  34  2:53  Drone  
  35  3:03  Hatchery  
  33  3:14  Drone x2  
  33  3:17  Overlord  
  35  3:23  Lair  
  35  3:27  Overlord x2  
  35  3:35  Drone  
  35  3:36  Drone x2, Extractor  
  35  3:37  Drone, Extractor  
  35  3:38  Extractor  
  35  3:39  Drone  
  38  3:41  Drone  
  38  3:46  Drone  
  38  3:47  Drone  
  41  3:48  Drone  
  41  3:52  Drone x2  
  41  3:54  Drone  
  44  3:57  Drone  
  44  4:01  Drone x3  
  48  4:11  Drone x2  
  48  4:15  Queen  
  48  4:16  Drone x3  
  55  4:18  Drone  
  55  4:23  Drone  
  57  4:25  Hydralisk Den  
  57  4:27  Evolution Chamber  
  57  4:28  Evolution Chamber  
  57  4:29  Overlord  
  54  4:31  Overlord  
  54  4:35  Drone x2  
  56  4:38  Drone  
  56  4:41  Overlord  
  57  4:48  Drone x2  
  57  4:50  Drone, Queen  
  57  4:51  Drone  
  63  5:01  Spore Crawler  
  63  5:02  Spore Crawler  
  63  5:04  Spore Crawler  
  63  5:06  Hydralisk x3  
  64  5:08  Hydralisk  
  64  5:12  Hydralisk  
  70  5:14  Hydralisk  
  70  5:20  Zerg Ground Armor Level 1  
  72  5:22  Zerg Missile Weapons Level 1  
  72  5:27  Lurker Den  
  72  5:32  Drone  
  72  5:33  Drone x4  
  77  5:43  Drone x3  
  77  5:44  Drone  
  77  5:45  Overlord x2  
  77  5:49  Extractor  
  80  5:50  Extractor  
  79  5:58  Overlord x3  
  79  6:00  Hydralisk  
  81  6:15  Infestation Pit  
  81  6:16  Drone x2  
  82  6:18  Hatchery  
  81  6:54  Hydralisk x2  
  81  6:55  Hydralisk x2  
  81  6:59  Hive  
  81  7:00  Muscular Augments  
  89  7:03  Overlord x3  
  89  7:04  Overlord x2  
  89  7:11  Drone x3  
  89  7:15  Zerg Ground Armor Level 2  
  92  7:16  Hydralisk x4  
  92  7:19  Drone x3  
  103  7:25  Zerg Missile Weapons Level 2  
  103  7:28  Roach Warren  
  102  7:35  Drone x2  
  102  7:36  Pneumatized Carapace  
  103  7:43  Queen  
  103  7:44  Overlord  
  105  7:50  Drone x3  
  108  7:56  Extractor  
  108  7:57  Extractor  
  106  8:04  Lurker x3  
  109  8:09  Lurker  
  109  8:12  Drone  
  111  8:13  Drone x2  
  111  8:14  Drone x3, Overlord x2  
  111  8:15  Overlord  
  111  8:16  Drone x2  
  118  8:25  Lurker x2  
  120  8:28  Overlord  
  120  8:34  Viper  
  123  8:46  Ventral Sacs  
  123  8:51  Hatchery, Roach x3  
  128  9:05  Spire  
  127  9:10  Viper  
  130  9:19  Viper  
  130  9:23  Metabolic Boost  
  133  9:27  Drone  
  133  9:28  Drone  
  135  9:55  Zerg Ground Armor Level 3, Zerg Missile Weapons Level 3  
  135  10:02  Extractor  
  135  10:04  Extractor  
  135  10:06  Hatchery  
  132  10:20  Queen  
  132  10:36  Hydralisk  
  132  10:37  Hydralisk x5  
  132  10:38  Roach x2  
  132  10:39  Roach x2  
  152  10:58  Hydralisk  
  152  10:59  Hydralisk, Roach x3  
  162  11:09  Viper x3  
  171  11:13  Corruptor  
  171  11:14  Corruptor x5  
  183  11:27  Spore Crawler  
  183  11:29  Spore Crawler  
  179  11:42  Overseer  
  175  12:00  Overseer  
  169  12:04  Overseer  
  167  12:15  Burrow  
  158  12:24  Roach x2  
  158  12:25  Roach x4  
  158  12:26  Drone x3  
  171  12:34  Queen  
  171  12:40  Mutalisk  
  171  12:41  Mutalisk x13  
  198  13:14  Overlord x2  
  155  13:57  Viper x3  
  155  14:01  Roach x9  
  146  14:28  Roach x5  
  146  14:29  Roach x3  
  122  14:43  Hatchery  
  119  14:53  Hatchery, Hydralisk  
  119  14:54  Hydralisk x10  
  140  15:08  Hydralisk  
  140  15:09  Hydralisk x4  
  150  15:16  Extractor  
  150  15:19  Extractor  
  145  15:28  Hydralisk x7  
  145  15:29  Hydralisk  
  161  15:36  Overseer  
  149  15:57  Corruptor  
  149  15:58  Corruptor x7  
  151  16:13  Roach x5  
  151  16:29  Corruptor  
  151  16:30  Corruptor x6  
  147  16:55  Spore Crawler  
Show
View Real Time Build Order
Export as new Build Order

AgCl Protoss - Winner!

Build Orders: Nexus First 

Get SALT Encoding   

  12  0:06  Probe  
  13  0:18  Probe  
  14  0:35  Pylon  
  14  0:44  Assimilator  
  14  0:59  Nexus  
  14  1:00  Probe (Chrono Boost)  
  16  1:12  Probe (Chrono Boost)  
  16  1:19  Probe (Chrono Boost)  
  17  1:28  Gateway  
  17  1:29  Probe (Chrono Boost)  
  19  1:40  Probe (Chrono Boost)  
  19  1:46  Probe (Chrono Boost)  
  20  1:56  Forge  
  20  2:03  Gateway  
  20  2:04  Probe  
  21  2:12  Pylon  
  21  2:15  Zealot (Chrono Boost)  
  23  2:17  Probe (Chrono Boost)  
  23  2:21  Gateway  
  24  2:29  Probe (Chrono Boost)  
  25  2:32  Photon Cannon  
  24  2:49  Cybernetics Core  
  24  2:51  Probe  
  24  2:54  Probe  
  24  2:56  Assimilator  
  26  3:04  Probe (Chrono Boost)  
  27  3:10  Probe (Chrono Boost)  
  28  3:16  Probe (Chrono Boost)  
  30  3:21  Probe (Chrono Boost)  
  30  3:22  Probe (Chrono Boost)  
  30  3:25  Stalker  
  33  3:27  Warp Gate  
  33  3:34  Mothership Core (Chrono Boost)  
  36  3:36  Probe (Chrono Boost), Pylon  
  36  3:41  Stargate  
  36  3:45  Probe (Chrono Boost)  
  38  3:51  Probe (Chrono Boost)  
  38  3:53  Probe (Chrono Boost), Protoss Ground Weapons Level 1  
  39  3:59  Probe (Chrono Boost)  
  39  4:01  Probe (Chrono Boost)  
  41  4:04  Assimilator  
  41  4:06  Assimilator  
  41  4:07  Probe x2 (Chrono Boost)  
  45  4:18  Probe (Chrono Boost)  
  45  4:22  Probe (Chrono Boost)  
  45  4:24  Oracle (Chrono Boost)  
  45  4:27  Probe (Chrono Boost)  
  45  4:28  Probe (Chrono Boost)  
  50  4:38  Probe  
  51  4:40  Probe  
  51  4:45  Nexus  
  52  4:51  Fleet Beacon  
  52  4:59  Pylon  
  52  5:03  Pylon  
  52  5:11  Carrier  
  52  5:17  Probe x2  
  54  5:22  Gateway  
  54  5:23  Gateway, Photon Cannon  
  54  5:24  Pylon  
  54  5:26  Gateway, Pylon  
  54  5:29  Probe x2  
  56  5:41  Probe  
  63  5:46  Probe  
  63  5:49  Zealot  
  66  5:53  Probe  
  66  5:55  Assimilator  
  66  5:57  Probe  
  68  5:58  Probe  
  68  6:03  Photon Cannon  
  69  6:05  Twilight Council  
  69  6:07  Probe (Chrono Boost), Stargate  
  69  6:09  Probe (Chrono Boost)  
  69  6:10  Pylon  
  71  6:15  Protoss Air Weapons Level 1 (Chrono Boost)  
  73  6:20  Probe x2 (Chrono Boost)  
  73  6:23  Probe (Chrono Boost), Carrier (Chrono Boost)  
  74  6:27  Probe x2 (Chrono Boost)  
  74  6:32  Probe  
  77  6:37  Assimilator  
  77  6:38  Graviton Catapult  
  83  6:49  Carrier (Chrono Boost)  
  83  6:52  Probe  
  81  6:56  Probe  
  81  6:58  Charge  
  82  7:03  Probe  
  89  7:14  Probe  
  89  7:15  Probe  
  91  7:17  Probe  
  92  7:26  Probe, Nexus  
  92  7:27  Probe, Pylon, Carrier (Chrono Boost)  
  94  7:30  Templar Archives, Probe  
  94  7:31  Pylon  
  95  7:38  Probe  
  102  7:47  Probe  
  102  7:50  Psionic Storm  
  103  7:56  Gateway x2  
  103  8:00  Probe  
  103  8:02  Gateway, Pylon  
  104  8:06  Robotics Facility  
  104  8:08  Pylon  
  104  8:16  Protoss Ground Weapons Level 2  
  104  8:24  Protoss Air Weapons Level 2 (Chrono Boost)  
  104  8:35  Carrier (Chrono Boost)  
  104  8:37  Gateway  
  104  8:38  Probe (Chrono Boost), Gateway  
  104  8:39  Gateway  
  104  8:40  Probe x2 (Chrono Boost)  
  108  8:41  Probe (Chrono Boost)  
  108  8:42  Carrier (Chrono Boost)  
  110  8:48  Probe (Chrono Boost)  
  110  8:51  Probe x2 (Chrono Boost)  
  110  8:53  Warp Prism (Chrono Boost), Assimilator  
  119  8:58  Photon Cannon  
  119  8:59  Assimilator  
  125  9:10  Zealot  
  127  9:32  Observer (Chrono Boost)  
  127  9:33  Carrier (Chrono Boost)  
  128  9:39  Gateway  
  128  9:42  Pylon  
  128  9:44  Dark Shrine  
  128  9:46  Observer (Chrono Boost)  
  128  9:48  Pylon  
  135  10:08  Zealot  
  135  10:09  Zealot x3  
  143  10:17  Pylon, Carrier (Chrono Boost)  
  143  10:18  Warp Prism  
  141  10:26  Gateway  
  141  10:27  Pylon  
  135  10:29  Carrier (Chrono Boost)  
  135  10:37  Protoss Ground Weapons Level 3 (Chrono Boost)  
  141  10:43  Pylon  
  141  10:45  Protoss Air Weapons Level 3 (Chrono Boost)  
  147  10:52  Pylon  
  147  11:08  Pylon  
  147  11:14  Carrier  
  146  11:24  Zealot  
  146  11:25  Dark Templar, Zealot x2  
  152  11:26  Zealot x5, Stargate  
  152  11:27  Stargate  
  162  11:39  Carrier  
  167  11:43  High Templar  
  167  11:44  Zealot x2  
  167  11:46  Zealot x3  
  167  11:47  Zealot x2  
  173  12:00  Warp Prism  
  165  12:28  Gateway  
  165  12:34  Gateway  
  165  12:35  Dark Templar x4  
  165  12:38  Pylon  
  165  12:41  Pylon  
  165  12:42  Archon x2  
  159  12:47  Assimilator  
  159  12:53  Pylon x2, Robotics Bay  
  159  12:56  Carrier x2 (Chrono Boost)  
  157  12:59  Stalker  
  159  13:15  Protoss Air Armor Level 1  
  170  13:20  Phoenix (Chrono Boost)  
  170  13:21  Phoenix (Chrono Boost)  
  170  13:24  Anion Pulse-Crystals (Chrono Boost)  
  170  13:25  Protoss Shields Level 1 (Chrono Boost)  
  172  13:37  Phoenix  
  172  13:38  Phoenix  
  162  13:52  High Templar x3, Carrier (Chrono Boost)  
  162  13:53  High Templar  
  150  14:23  Carrier (Chrono Boost)  
  144  14:24  Carrier (Chrono Boost)  
  133  14:38  Carrier (Chrono Boost)  
  133  14:40  Warp Prism (Chrono Boost)  
  153  15:00  Assimilator  
  153  15:01  Pylon  
  153  15:02  Observer Gravitic Boosters  
  153  15:03  Pylon  
  153  15:04  Nexus, Observer  
  153  15:12  Carrier (Chrono Boost)  
  154  15:25  Observer  
  161  15:33  Dark Templar  
  163  15:42  Dark Templar  
  165  15:56  Zealot  
  165  15:57  Zealot  
  169  15:59  Gravitic Drive  
  163  16:23  High Templar x2  
  163  16:24  High Templar x2  
  171  16:26  Dark Templar x2  
  167  17:20  Dark Templar x2  
  171  17:24  Assimilator  
  135  17:39  Archon x2  
Tags
 
Add a new tag
Caveats
  • Supply blocks, unpowered buildings, or Contaminate may cause inaccurate times.
  • Supply counts are checked every 10 seconds.